 Dungeon Crawl Stone Soup version 0.20-a0-187-ge5586d949a (webtiles) character file.

687 Faca the Shield-Bearer (level 7, -1/54 HPs)
             Began as a Formicid Fighter on Nov 23, 2016.
             Slain by an ice beast (5 damage)
             ... on level 5 of the Dungeon.
             The game lasted 00:26:00 (2972 turns).

Faca the Shield-Bearer (Formicid Fighter)           Turns: 2972, Time: 00:26:01

Health: -1/54      AC:  8    Str: 20    XL:     7   Next: 94%
Magic:  7/7        EV:  2    Int: 10    God:
Gold:   212        SH:  0    Dex: -9 (12) Spells: 6/6 levels left

rFire  x . .     SeeInvis +     u - +4 mace
rCold  + . .     Gourm    .     b - +0 scale mail
rNeg   . . .     Faith    .     c - +0 shield
rPois  .         Spirit   .     (helmet unavailable)
rElec  .         Reflect  .     (no cloak)
rCorr  .         Harm     .     (no gloves)
MR     .....                    a - +0 pair of boots
Stlth  ..........               o - amulet of regeneration
                                r - ring of ice
                                n - +2 ring of intelligence

@: slowed, lost dexterity, very slow
A: permanent stasis, dig shafts and tunnels, four strong arms, antennae 3
a: Dig, Shaft Self


You were on level 5 of the Dungeon.
You were not hungry.

You visited 1 branch of the dungeon, and saw 5 of its levels.

You collected 212 gold pieces.

Inventory:

Hand Weapons
 s - a +0 battleaxe
 t - a +2 flail of freezing
 u - a +4 mace (weapon)
Missiles
 p - a throwing net (quivered)
Armour
 a - a +0 pair of boots (worn)
 b - a +0 scale mail (worn)
 c - a +0 shield (worn)
Jewellery
 n - a +2 ring of intelligence (left hand)
 o - an amulet of regeneration (around neck)
 r - a ring of ice (right hand)
Scrolls
 g - 2 scrolls of recharging
 k - a scroll of fear
 m - 3 scrolls of random uselessness {unknown}
 q - 2 scrolls of remove curse
Potions
 d - a potion of might
 e - 3 potions of invisibility {unknown}
 h - a potion of haste {unknown}
 i - a potion of cure mutation {unknown}
 j - a potion of agility
 l - a potion of flight {unknown}
Comestibles
 f - 2 bread rations


   Skills:
 + Level 4.2 Fighting
 + Level 5.1 Axes
 + Level 0.2(3.1) Maces & Flails
 + Level 5.2 Armour
 + Level 2.1 Dodging
 + Level 5.8 Shields


You had 6 spell levels left.
You didn't know any spells.

Dungeon Overview and Level Annotations

Branches:
Dungeon (5/15)
 Temple: D:4-7

Altars:
Makhleb
Nemelex Xobeh

Shops:
D:4 *


Innate Abilities, Weirdness & Mutations

You cannot be hasted, slowed, berserked, paralysed or teleported.
You can dig through walls and to a lower floor.
Your four strong arms can wield two-handed weapons with a shield.
You have a pair of large antennae on your head. (SInv)


Message History

The ice beast hits you but does no damage.
You hit the ice beast but do no damage.
The ice beast is heavily wounded.
The ice beast hits you but does no damage. x2
You closely miss the ice beast.
The ice beast is heavily wounded.
The ice beast hits you but does no damage. x2
You sock the ice beast!
The ice beast is almost dead.
The ice beast hits you.
* * * LOW HITPOINT WARNING * * *
The ice beast freezes you. You resist.
* * * LOW HITPOINT WARNING * * *
The ice beast hits you but does no damage.
You hit the ice beast but do no damage.
The ice beast is almost dead.
The ice beast hits you.
* * * LOW HITPOINT WARNING * * *
The ice beast freezes you. You resist.
You die...

.... #... ...
#.. #.###.#
#.....#
.######.#
.......Y#
#######@#
#...<#.###.#
#..........#
######......(..
#.######## #.#
#.# #.# #.#


You could see an ice beast.

Vanquished Creatures
  An ogre (D:4)
  A scorpion (D:4)
  4 wights (D:3)
  3 quasits (D:4)
  An orc priest (D:4)
  Ijyb (D:2)
  Natasha (twice) (D:2)
  3 gnolls (D:2)
  5 adders
  An ooze (D:4)
  3 worms (D:2)
  2 dart slugs (D:1)
  4 leopard geckos
  5 orcs
  3 ball pythons
  3 bats
  A giant cockroach (D:2)
  10 goblins
  9 hobgoblins
  16 jackals
  A quokka (D:4)
  A frilled lizard (D:2)
  6 kobolds
  A leopard gecko skeleton (D:4)
  5 rats
92 creatures vanquished.

Notes
Turn   | Place    | Note
-------+----------+-------------------------------------------
     0 | D:1      | Faca the Formicid Fighter began the quest for the Orb.
     0 | D:1      | Reached XP level 1. HP: 18/18 MP: 1/1
    19 | D:1      | Reached XP level 2. HP: 23/24 MP: 2/2
   130 | D:1      | Reached XP level 3. HP: 29/29 MP: 3/3
   579 | D:2      | Noticed Ijyb
   602 | D:2      | Killed Ijyb
   602 | D:2      | Reached XP level 4. HP: 35/35 MP: 4/4
   812 | D:2      | Reached XP level 5. HP: 7/41 MP: 5/5
   886 | D:2      | Found a burning altar of Makhleb.
  1065 | D:2      | Noticed Natasha
  1075 | D:2      | Killed Natasha
  1075 | D:2      | Reached skill level 1 in Dodging
  1203 | D:2      | Noticed Natasha
  1212 | D:2      | Killed Natasha
  1359 | D:3      | Reached XP level 6. HP: 47/48 MP: 6/6
  1593 | D:3      | Found a sparkling altar of Nemelex Xobeh.
  1689 | D:3      | Reached skill level 5 in Shields
  1689 | D:3      | Reached XP level 7. HP: 26/54 MP: 7/7
  1835 | D:4      | Reached skill level 5 in Axes
  2055 | D:4      | Lost dexterity.
  2060 | D:4      | Reached skill level 5 in Armour
  2743 | D:4      | Found Ceyfeqavu's Assorted Antiques.
  2941 | D:5      | Entered Level 5 of the Dungeon
  2972 | D:5      | Slain by an ice beast

Vault maps used:
D:1:      scummos_arrival_checkerplants, serial_glass, glass_columns_b,
          glass_columns_b, minmay_strange_pillars
D:2:      lemuel_coloured_pillars_altar, uniq_iyjb, uniq_natasha
D:3:      nemelex_xobeh_ov_fountains_minmay, minmay_misc_feat_hallway
D:4:      cheibrodos_quashed, first_bread, serial_shops, shop_statue
D:5:      fedhas_altar_3, uniq_eustachio

Skill      XL: |  1  2  3  4  5  6  7 |
---------------+----------------------+-----
Shields        | 4 5 |  5.8
Axes           | 3 4 5 |  5.1
Armour         | 4 5 |  5.2
Dodging        | 1 2 |  2.1
Fighting       | 4 |  4.2
Maces & Flails | |  0.2

Action                   |  1- 3 |  4- 6 |  7- 9 || total
-------------------------+-------+-------+-------++-------
Melee: War axe           |   111 |   129 |       ||   240
       Mace              |       |       |    66 ||    66
       Battleaxe         |       |       |    65 ||    65
 Abil: Dig               |       |       |     1 ||     1
  Use: Scroll            |     5 |     2 |       ||     7
       Potion            |       |       |     5 ||     5
  Eat: Fruit             |       |     2 |       ||     2
       Meat ration       |       |     1 |       ||     1
       Bread ration      |       |       |     1 ||     1
Armor: Scale mail        |    44 |    43 |   381 ||   468
Dodge: Dodged            |    43 |    25 |   156 ||   224
Block: Shield            |    66 |    64 |    88 ||   218
